 Dungeon Crawl Stone Soup version 0.26-a0-646-g5d7718319a (webtiles) character file.

Game seed: 14763205831687699565

2828 DogServant the Zephyrmancer (level 9, 0/78 HPs)
             Began as a Tengu Air Elementalist on Sept 23, 2020.
             Was an Initiate of Ru.
             Slain by a troll (7 damage)
             ... on level 9 of the Dungeon.
             The game lasted 00:34:10 (11123 turns).

DogServant the Zephyrmancer (TeAE)                 Turns: 11123, Time: 00:34:10

Health: 0/78       AC: 24    Str: 11    XL:     9   Next: 73%
Magic:  3/16       EV:  2    Int: 19    God:    Ru [......]
Gold:   329        SH:  0    Dex: 15    Spells: 3/16 levels left

rFire    . . .     SeeInvis .   s - +6 falchion "Zeteem" {pain, Int+3}
rCold    . . .     Faith    .   (no shield)
rNeg     + + +     Spirit   .   (armour currently unavailable)
rPois    +         Reflect  .   (helmet currently unavailable)
rElec    .         Harm     .   (cloak currently unavailable)
rCorr    +         Rampage  .   (gloves currently unavailable)
MR       .....     NoTele   +   (boots unavailable)
Stlth    ++........             (no amulet)
HPRegen  0.23/turn              (no ring)
MPRegen  0.15/turn              A - ring of resist corrosion

@: mighty, tree-form, very slightly contaminated, invisible
A: able to fly
a: Fly, Renounce Religion


You were on level 9 of the Dungeon.
You worshipped Ru.
Ru was noncommittal.
You were a tree.
You visited 2 branches of the dungeon, and saw 10 of its levels.
You also visited: Ossuary.

You collected 537 gold pieces.
You spent 208 gold pieces at shops.

Inventory:

Hand Weapons
 l - a +1 short sword of holy wrath
 s - the +6 falchion "Zeteem" (weapon) {pain, Int+3}
   (You bought it in a shop on level 5 of the Dungeon)

   In the hands of one skilled in necromantic magic, it inflicts extra damage on
   living creatures.
   It affects your intelligence (+3).
Missiles
 x - 9 poisoned darts (quivered)
Armour
 a - a +0 robe
 c - a +1 cloak (melded)
 y - a +0 leather armour (melded)
Jewellery
 k - an uncursed ring of fire
 A - a ring of resist corrosion (right branch)
Wands
 v - a wand of polymorph (11)
Scrolls
 d - a scroll of enchant armour
 f - 4 scrolls of identify
 g - a scroll of summoning {unknown}
 i - 3 scrolls of amnesia
 q - a scroll of fog
 r - a scroll of teleportation
 t - 4 scrolls of remove curse
Potions
 b - 3 potions of might
 e - 3 potions of brilliance
 j - a potion of mutation {unknown}
 m - 2 potions of haste
 o - 2 potions of berserk rage
 p - a potion of stabbing
 u - 3 potions of degeneration
 w - a potion of curing


   Skills:
 + Level 4.1 Fighting
 + Level 4.1 Long Blades
 - Level 3.0 Armour
 - Level 4.2 Dodging
 - Level 2.0 Stealth
 + Level 4.2 Spellcasting
 - Level 8.0 Conjurations
 - Level 2.2 Hexes
 + Level 9.4 Air Magic
 - Level 2.1 Evocations


You had 3 spell levels left.
You knew the following spells:

 Your Spells              Type           Power        Failure   Level
a - Shock                 Conj/Air       ####         1%          1
b - Swiftness             Air            #####...     1%          2
c - Static Discharge      Conj/Air       #####...     1%          3
d - Airstrike             Air            #####.....   2%          4
e - Dazzling Flash        Conj/Hex       ###...       4%          3

Your spell library contained the following spells:

 Spells                   Type           Power        Failure   Level
 Magic Dart               Conj           ####         1%          1
 Searing Ray              Conj           ####..       1%          2
 Lightning Bolt           Conj/Air       #####.....   11%         5
 Fulminant Prism          Conj/Hex       ###.......   16%         4
 Iskenderun's Mystic Bla  Conj/Tloc      ###.....     26%         4


Dungeon Overview and Level Annotations

Branches:
Dungeon (9/15)             Temple (1/1) D:5         Ossuary (visited)
   Lair: D:8-11         Orc: D:9-12

Altars:
Ashenzari
Cheibriados
Dithmenos
Elyvilon
Gozag
Hepliaklqana
Kikubaaqudgha
Makhleb
Nemelex Xobeh
Okawaru
Qazlal
Ru
Sif Muna
Trog
Uskayaw
Vehumet
Wu Jian
Xom
Yredelemnul
Zin
The Shining One

Shops:
D:5 (   D:6 ?

Annotations:
D:6 3 runed translucent doors, iamserjio's ghost, amateur OpCK
D:8 Harold; Psyche


Innate Abilities, Weirdness & Mutations

((You have a beak for a mouth.))
((You have claws for feet.))
You can fly continuously.


Message History

The stone hits you but does no damage. The troll bites you!
The troll claws you.
* * * LOW HITPOINT WARNING * * *
The troll claws you but does no damage.
You feel better.
The kobold throws a stone.
The stone hits the troll but does no damage.
The troll bites you.
* * * LOW HITPOINT WARNING * * *
The troll claws you.
* * * LOW HITPOINT WARNING * * *
The troll claws you!
* * * LOW HITPOINT WARNING * * *
Okay, then.
Really quaff the potion of lignification?
You turn into a tree.
Your +1 cloak melds into your body.
Your +0 leather armour melds into your body.
Your roots penetrate the ground.
The kobold throws a stone.
The stone barely misses the troll.
The stone barely misses you. The troll bites you!
You die...

##+####
#.....# .
#....<# #).
+♣T...####....
#...K.#..).#
#....((.#
#.(...###
#######


You could see a troll and a kobold.

Vanquished Creatures
  Joseph (D:7)
  An orc warrior (D:7)
  An ice beast (D:6)
  A sky beast (D:7)
  3 ogres
  A necrophage (D:6)
  3 centaurs
  2 big kobolds
  2 bullfrogs (D:6)
  3 scorpions
  6 killer bees
  A howler monkey (D:4)
  A quasit (D:6)
  4 hounds
  2 centaur skeletons
  2 orc priests
  A jelly (D:5)
  An orc wizard (D:6)
  4 iguanas
  4 worker ants
  2 big kobold zombies (Ossuary)
  A hound zombie (D:5)
  A hound skeleton (D:7)
  8 mummies (Ossuary)
  A howler monkey zombie (D:5)
  11 adders
  2 shadow imps
  2 white imps (D:6)
  An ufetubus (D:5)
  2 oozes
  An adder zombie (D:5)
  2 worms (D:5)
  A dart slug (D:4)
  4 leopard geckos
  17 orcs
  3 ball pythons
  2 bats
  2 giant cockroaches
  3 gnoll zombies (Ossuary)
  6 goblins
  7 hobgoblins
  3 jackals (D:5)
  6 quokkas
  3 frilled lizards
  2 hobgoblin zombies (Ossuary)
  A jackal skeleton (D:5)
  8 kobolds
  A kobold zombie (Ossuary)
  2 leopard gecko skeletons
  2 rats
151 creatures vanquished.

Vanquished Creatures (others)
  A withered plant (D:6)
1 creature vanquished.

Grand Total: 152 creatures vanquished

Notes
Turn   | Place    | Note
-------+----------+-------------------------------------------
     0 | D:1      | DogServant the Tengu Air Elementalist began the quest for
                  | the Orb.
     0 | D:1      | Reached XP level 1. HP: 10/10 MP: 4/4
   228 | D:1      | Reached XP level 2. HP: 16/16 MP: 0/6
   232 | D:1      | Learned a level 2 spell: Swiftness
   967 | D:2      | Reached skill level 1 in Fighting
  1021 | D:2      | Reached XP level 3. HP: 9/20 MP: 2/7
  2199 | D:2      | Reached XP level 4. HP: 25/25 MP: 4/8
  2539 | D:3      | Reached skill level 5 in Air Magic
  2863 | D:3      | Gained mutation: You can fly continuously. [Tengu growth]
  2863 | D:3      | Reached XP level 5. HP: 30/30 MP: 7/10
  3233 | D:3      | Learned a level 3 spell: Static Discharge
  3994 | D:4      | Reached XP level 6. HP: 33/36 MP: 6/11
  4266 | D:4      | Reached skill level 6 in Air Magic
  4305 | D:4      | You fall into a shaft and drop 1 floor!
  4305 | D:5      | Entered Level 5 of the Dungeon
  4685 | D:4      | Learned a level 4 spell: Airstrike
  4703 | D:4      | Reached XP level 7. HP: 26/40 MP: 2/12
  5424 | D:5      | Reached skill level 5 in Conjurations
  5687 | D:5      | Found a bloodstained altar of Trog.
  5687 | D:5      | Found a hide-covered altar of Uskayaw.
  5774 | D:5      | Found a snail-covered altar of Cheibriados.
  5774 | D:5      | Found a glowing golden altar of the Shining One.
  6061 | D:6      | Reached skill level 1 in Evocations
  6480 | D:6      | Found a sand-covered staircase.
  6489 | Ossuary  | Entered an ossuary
  6494 | Ossuary  | Learned a level 3 spell: Dazzling Flash
  6567 | Ossuary  | Reached XP level 8. HP: 22/46 MP: 1/14
  7203 | D:6      | Found a runed translucent gate.
  7204 | D:6      | Found a runed translucent gate.
  7205 | D:6      | Found a runed translucent gate.
  7228 | D:6      | Reached skill level 1 in Hexes
  7281 | D:6      | Noticed iamserjio's ghost (amateur OpCK)
  7329 | D:6      | Found a basalt altar of Yredelemnul.
  7343 | D:6      | Reached skill level 1 in Armour
  7788 | D:6      | Reached skill level 7 in Air Magic
  8337 | D:6      | Found Kubbynai's Magic Scroll Boutique.
  8694 | D:5      | Found a staircase to the Ecumenical Temple.
  8702 | Temple   | Entered the Ecumenical Temple
  8838 | Temple   | Became a worshipper of Ru the Awakened
  9338 | D:5      | Found Otaeptis's Antique Weapon Shop.
  9344 | D:5      | Bought a faintly glowing falchion for 208 gold pieces
  9344 | D:5      | Identified the +6 falchion "Zeteem" {pain, Int+3} (You
                  | bought it in a shop on level 5 of the Dungeon)
  9469 | D:7      | Reached skill level 1 in Long Blades
  9469 | D:7      | Reached skill level 8 in Air Magic
  9470 | D:7      | Reached XP level 9. HP: 51/51 MP: 6/15
  9573 | D:7      | Noticed Joseph
  9591 | D:7      | Killed Joseph
 10039 | D:7      | Found an ornate altar of the Wu Jian Council.
 10210 | D:7      | Reached skill level 9 in Air Magic
 10904 | D:8      | Noticed Psyche
 10915 | D:8      | Noticed Harold
 11108 | D:9      | Noticed a troll
 11123 | D:9      | Slain by a troll

Illustrated notes

Levels and vault maps discovered:
D:1:      dpeg_arrival_line_fractal, layout_rooms, minmay_misc_feat_rugged,
          corexii_leaking_fountain
D:2:      minmay_wonky_spiral, layout_basic, corexii_hall_statues_l
D:3:      layout_basic
D:4:      layout_loops_corners
D:5:      layout_loops_ring, gammafunk_temple_overflow_wave,
          grunt_temple_overflow_open, minmay_temple_entry_glassed_door,
          serial_shops, shop
D:6:      layout_loops_ring, serial_shops, shop_statue, gammafunk_ghost_icy,
          nicolae_ossuary_entry_monument, minmay_misc_feat_roman,
          yredelemnul_altar_generic
D:7:      layout_rooms, lemuel_crystal_altar, vehumet_altar_wand_db,
          uniq_joseph, uniq_pikel
D:8:      layout_gridville, lair_entry_dummy, roderic_filled_cross, uniq_harold,
          uniq_grum, uniq_psyche, uniq_maurice
D:9:      layout_roguey, fedhas_bush_and_centaur_altar
Temple:   eino_temple_scatter_basement

Skill      XL: |  1  2  3  4  5  6  7  8  9 |
---------------+----------------------------+-----
Conjurations   | 2 3 4 5 7 8 |  8.0
Fighting       | 1 2 3 4 |  4.1
Air Magic      | 5 6 8 9 |  9.4
Spellcasting   | 3 4 |  4.2
Dodging        | 3 4 |  4.2
Evocations     | 2 |  2.1
Hexes          | 2 |  2.2
Armour         | 3 |  3.0
Long Blades    | 1 4 |  4.1
Stealth        | |  2.0

Action                   |  1- 3 |  4- 6 |  7- 9 || total
-------------------------+-------+-------+-------++-------
Melee: Short sword       |    20 |     1 |    22 ||    43
       Kick              |     4 |     1 |    18 ||    23
       Peck              |     3 |       |     5 ||     8
       Unarmed           |     1 |       |       ||     1
       Falchion          |       |       |    17 ||    17
Throw: Dart              |       |       |     3 ||     3
 Cast: Shock             |    43 |   109 |   195 ||   347
       Swiftness         |       |     2 |     5 ||     7
       Static Discharge  |       |       |     3 ||     3
       Airstrike         |       |       |    33 ||    33
  Use: Scroll            |       |       |    23 ||    23
       Potion            |       |       |    12 ||    12
 Stab: Sleeping          |     2 |       |     1 ||     3
Armor: Robe              |     2 |     5 |    17 ||    24
       Leather armour    |       |       |     3 ||     3
Dodge: Dodged            |    16 |    17 |   119 ||   152
       Rpst.: Falchion   |       |       |    11 ||    11

Table legend: (Time is in decaauts)
 A = Elapsed time spent in this place.
 B = Non-inter-level travel time spent in this place.
 C = Inter-level travel time spent in this place.
 D = Time resting spent in this place.
 E = Time spent auto-exploring this place.
 F = Levels seen in this place.
 G = Mean time per level.
                   A        B        C        D        E       F      G
               +--------+--------+--------+--------+--------+-----+--------+
         Total |  11122 |  10916 |    206 |   5068 |   4607 |  11 | 1011.1 |
       Dungeon |  10302 |  10105 |    197 |   4683 |   4319 |   9 | 1144.7 |
        Temple |    145 |    136 |      9 |      0 |    126 |   1 |  145.0 |
       Ossuary |    674 |    674 |      0 |    385 |    162 |   1 |  674.0 |
               +--------+--------+--------+--------+--------+-----+--------+

Top non-repeatable levels by time:
     D:6: 2525 daAuts
     D:4: 1730 daAuts
     D:2: 1619 daAuts
     D:5: 1583 daAuts
     D:3: 943 daAuts
     D:7: 905 daAuts
     D:1: 681 daAuts
 Ossuary: 674 daAuts
     D:8: 213 daAuts
  Temple: 145 daAuts
     D:9: 99 daAuts
